 Dungeon Crawl Stone Soup version 0.30-a0-728-gc68057be0a (webtiles) character file.

Game seed: 7044375506239024030

135 Newt the Trooper (level 4, 0/55 HPs)
             Began as a Demonspawn Gladiator on Jan 30, 2023.
             Was a Believer of Dithmenos.
             Slain by Grinder (1 damage)
             ... on level 3 of the Dungeon.
             The game lasted 00:03:02 (2905 turns).

Newt the Trooper (Demonspawn Gladiator)             Turns: 2905, Time: 00:03:03

Health: 0/55       AC:  4    Str: 15    XL:     4   Next: 96%
Magic:  4/4        EV: 10    Int:  9    God:    Dithmenos [**....]
Gold:   131        SH:  9    Dex: 16    Spells: 3/3 levels left

rFire   . . .      SeeInvis .    a - +0 rapier
rCold   . . .      Faith    .    f - +2 kite shield
rNeg    . . .      Spirit   .    b - +1 leather armour
rPois   .          Reflect  .    (helmet restricted)
rElec   .          Harm     .    (no cloak)
rCorr   .          Rampage  .    (no gloves)
Will    .....                    (no boots) Stlth
                                 (no amulet)
HPRegen 0.29/turn                (no ring)
MPRegen 0.09/turn                (no ring)

@: berserking, wreathed by umbra, very quick
A: antennae 1, powered by pain 1
a: Renounce Religion, Shadow Step


You were on level 3 of the Dungeon.
You worshipped Dithmenos.
Dithmenos was pleased with you.
You visited 1 branch of the dungeon, and saw 3 of its levels.

You collected 131 gold pieces.

Inventory:

Hand Weapons
 a - a +0 rapier (weapon)
Missiles
 l - 3 boomerangs (quivered)
Armour
 b - a +1 leather armour (worn)
 c - a +0 helmet
 f - a +2 kite shield (worn)
Scrolls
 i - 2 scrolls of butterflies
 n - 2 scrolls of blinking
 o - a scroll of teleportation
Potions
 g - a potion of brilliance
 h - a potion of cancellation {unknown}
 j - a potion of heal wounds {unknown}
 k - a potion of lignification {unknown}
 p - a potion of attraction {unknown}


   Skills:
 - Level 4.0 Fighting
 - Level 2.6 Short Blades
 + Level 2.8 Throwing
 - Level 2.6 Dodging
 - Level 2.0 Stealth


You had 3 spell levels left.
You didn't know any spells.
Your spell library contained the following spells:

 Spells                   Type           Power      Damage    Failure   Level
 Apportation              Tloc           0%         N/A       88%         1
 Necrotise                Necr           0%         1d4       88%         1
 Summon Small Mammal      Summ           0%         N/A       88%         1
 Sticky Flame             Conj/Fire      0%         2d3       100%        4
 Summon Ice Beast         Ice/Summ       0%         N/A       100%        4
 Summon Lightning Spire   Summ/Air       0%         N/A       100%        4
 Malign Gateway           Summ/Tloc      0%         N/A       100%        7


Dungeon Overview and Level Annotations

Branches:
Dungeon (3/15)

Altars:
Dithmenos
Qazlal

Annotations:
D:3 Grinder


Innate Abilities, Weirdness & Mutations

You have a pair of small antennae on your head.
You sometimes gain a little power by taking damage.


Message History

Throw: 3 boomerangs
Press: ? - help, Q - select action, (/) - cycle Shift-Dir - straight line, f/p - Grinder
Aim: Grinder (moderately wounded, umbra, 60% to hit)
You throw a boomerang. The boomerang hits Grinder.
Grinder is moderately wounded.
Grinder gestures at you. Pain shoots through your body!
Throw: 3 boomerangs
Press: ? - help, Q - select action, (/) - cycle Shift-Dir - straight line, f/p - Grinder
Aim: Grinder (moderately wounded, umbra, 60% to hit)
You throw a boomerang. The boomerang hits Grinder.
Grinder is heavily wounded.
Grinder hits you.
* * * LOW HITPOINT WARNING * * *
You writhe in agony.
* * * LOW HITPOINT WARNING * * *
Grinder barely misses you.
It was a potion of curing.
You feel better. Grinder hits you.
* * * LOW HITPOINT WARNING * * *
You feel better. Grinder hits you.
You writhe in agony.
* * * LOW HITPOINT WARNING * * *
Okay, then.
Okay, then.
Throw: javelin
Press: ? - help, Shift-Dir - straight line, f/p - Grinder
Aim: Grinder (heavily wounded, umbra, 60% to hit)
You throw a javelin. The javelin pierces through Grinder!
Grinder is severely wounded.
Grinder hits you.
* * * LOW HITPOINT WARNING * * *
It was a potion of berserk rage.
A red film seems to cover your vision as you go berserk!
You feel yourself moving faster!
You feel mighty!
Grinder blinks!
Unknown command.
You barely miss Grinder.
Grinder is severely wounded.
Grinder hits you!
* * * LOW HITPOINT WARNING * * *
You writhe in agony.
You die...

*..)......# #.# #.#...##..# #.#
#.##.**#..# #.# #,*#.* #..# #.#
******,*#.* #..# #.#
**,,,,,,,,,* #..# #.#
,,,,,,,,,,,* #..# #.#####
**,,*,*,*.####.5######## #......
*,,*,,,.)......@.....(# ######.
*,,***,#######.######.#*#######.
*,,* *,******#.# *,,,........
*,,* *,,,,,,,..# ***,,*#######.
*,,* *******#### *,,,,,,,,,,...
*,,********** *,,,,*****####
*,,,,,,,,,,,*** *,**,*
*,,,,,,,,,,,,,** *,**,*
*,**,******,,,,****,**,*


You could see Grinder.

Vanquished Creatures
  Jessica (D:2)
  4 gnolls
  2 worms (D:2)
  A dart slug (D:2)
  6 endoplasms
  2 giant cockroaches (D:1)
  10 goblins
  9 hobgoblins
  4 jackals (D:1)
  A quokka (D:1)
  4 ball pythons (D:1)
  4 bats
  3 frilled lizards
  5 kobolds
  A rat (D:1)
57 creatures vanquished.

Notes
Turn   | Place    | Note
-------+----------+-------------------------------------------
     0 | D:1      | Newt the Demonspawn Gladiator began the quest for the Orb.
     0 | D:1      | Reached XP level 1. HP: 16/16 MP: 1/1
    70 | D:1      | Reached skill level 1 in Stealth
    70 | D:1      | Found a faded altar of an unknown god.
    83 | D:1      | Prayed at the altar of an unknown god.
    83 | D:1      | Became a worshipper of Dithmenos the Shadowed
    83 | D:1      | Reached * piety under Dithmenos
   134 | D:1      | Gained mutation: You sometimes gain a little power by
                  | taking damage. [demonic ancestry]
   134 | D:1      | Reached XP level 2. HP: 22/22 MP: 2/2
   348 | D:1      | Reached XP level 3. HP: 28/28 MP: 3/3
  1105 | D:1      | Reached ** piety under Dithmenos
  1206 | D:1      | Got the Catalogue of Command and the Torch
  1370 | D:1      | Found a stormy altar of Qazlal.
  1410 | D:2      | Noticed Jessica
  1450 | D:2      | Reached skill level 3 in Fighting
  1676 | D:2      | Killed Jessica
  1677 | D:2      | Gained mutation: You have a pair of small antennae on your
                  | head. [demonic ancestry]
  1677 | D:2      | Reached XP level 4. HP: 22/37 MP: 4/4
  1914 | D:2      | Reached skill level 4 in Fighting
  2883 | D:3      | Noticed Grinder
  2886 | D:3      | Paralysed by Grinder for 2 turns
  2892 | D:3      | Paralysed by Grinder for 3 turns
  2905 | D:3      | HP: 1/55 [Grinder (8)]
  2905 | D:3      | Slain by Grinder

Illustrated notes

Levels and vault maps discovered:
D:1:      dpeg_arrival_water_altar, layout_basic,
          nicolae_ecumenical_snake_handling
D:2:      layout_rooms, minmay_goblin_outpost, uniq_jessica
D:3:      layout_loops_ring, minmay_liquid_box, uniq_grinder

Skill      XL: |  1  2  3  4 |
---------------+-------------+-----
Stealth        | 1 2 |  2.0
Fighting       | 3 4 |  4.0
Throwing       | 2 |  2.8
Short Blades   | |  2.6
Dodging        | |  2.6

Action                     |  1- 3 |  4- 6 || total
---------------------------+-------+-------++-------
  Melee: Rapier            |   130 |    69 ||   199
         Punch             |     2 |     1 ||     3
  Throw: Throwing net      |     3 |     2 ||     5
         Boomerang         |       |    11 ||    11
         Javelin           |       |     2 ||     2
    Use: Scroll            |     3 |     2 ||     5
         Potion            |       |     4 ||     4
   Stab: Sleeping          |     3 |     2 ||     5
 Armour: Leather armour    |    33 |     9 ||    42
  Dodge: Dodged            |    98 |    46 ||   144

Table legend: (Time is in decaauts)
 A = Elapsed time spent in this place.
 B = Non-inter-level travel time spent in this place.
 C = Inter-level travel time spent in this place.
 D = Time resting spent in this place.
 E = Time spent auto-exploring this place.
 F = Levels seen in this place.
 G = Mean time per level.
                   A        B        C        D        E       F      G
               +--------+--------+--------+--------+--------+-----+--------+
         Total |   2927 |   2896 |     31 |    845 |   1580 |   3 |  975.7 |
       Dungeon |   2927 |   2896 |     31 |    845 |   1580 |   3 |  975.7 |
               +--------+--------+--------+--------+--------+-----+--------+

Top non-repeatable levels by time:
     D:1: 1717 daAuts
     D:2: 1021 daAuts
     D:3: 189 daAuts
